Cogmind - Beta 16.1 @@@ ROGUE MODE // 2026.04.27 @ 19:50:44 Player: Alien Result: Destroyed by L0-XTZ(E) with Overtuned Barrage Gun Performance ------------- Evolutions (0) 0 Regions Visited (3) 600 Robots Destroyed (13) 65 Value Destroyed (203) 203 Prototype IDs (3) 60 Alien Tech Used (0) 0 Bonus (300) 300 TOTAL SCORE: 1228 Bonus ------- Registered with UFD 300 Cogmind --------- Core Integrity 0/250 Matter 290/300 Energy 100/100 System Corruption 0% Temperature Cool (0) Movement Core (50) Location -9/Scraptown Parts ------- > --- POWER (1) -------- (None) > --- PROPULSION (2) --- (None) > --- UTILITY (2) ------ (None) > --- WEAPON (2) ------- (None) > --- INVENTORY (5) ---- Deep Structural Scanner Subdweller Optics Advanced Signal Interpreter Hacking Suite A0-MCA's Component Scanner Peak State ------------ > --- POWER ------------ Light Ion Engine > --- PROPULSION ------- Flight Unit Cesium-ion Thruster > --- UTILITY ---------- Small Storage Unit Deep Structural Scanner > --- WEAPON ----------- Junk Cannon > --- INVENTORY -------- Light Nuclear Core Subdweller Optics Advanced Signal Interpreter Hacking Suite A0-MCA's Component Scanner Light Cannon Missile Launcher Flail [Rating: 24] Favorites ----------- Power Ion Engine Engine Ion Engine Power Core Light Nuclear Core Propulsion Improved Treads Treads Improved Treads Leg Armored Leg Flight Unit Flight Unit Utility Small Storage Unit Device Seismic Detector Storage Small Storage Unit Protection Hardened Light Armor Plating Weapon Battle Rifle Energy Cannon Subdweller Beam Cannon Ballistic Gun Battle Rifle Ballistic Cannon Light Cannon Special Weapon Junk Cannon Impact Weapon Flail Build | -11 -10 -10 -9 ------- Run | Yrd Mat Sub Scr Slots Evolved . | . . . . Power . | . . . . Propulsion . | . . . . Utility . | . . . . Weapon . | . . . . Parts Attached 24 | 7 5 1 11 Power 3 | 1 . . 2 Engine 2 | 1 . . 1 Core 1 | . . . 1 Reactor . | . . . . Propulsion 8 | 2 2 . 4 Treads 4 | 2 2 . . Leg 2 | . . . 2 Wheel . | . . . . Hover . | . . . . Flight 2 | . . . 2 Utility 5 | 2 1 . 2 Device 3 | 1 1 . 1 Storage 1 | 1 . . . Processor . | . . . . Hackware . | . . . . Protection 1 | . . . 1 Artifact . | . . . . Weapon 8 | 2 2 1 3 Energy Gun . | . . . . Energy Cannon 1 | . . 1 . Ballistic Gun 4 | 2 . . 2 Ballistic Cannon 1 | . 1 . . Launcher . | . . . . Special Weapon 1 | . . . 1 Impact Weapon 1 | . 1 . . Slashing Weapon . | . . . . Piercing Weapon . | . . . . Special Melee Weapon . | . . . . Unidentified Prototypes 1 | . . . 1 Parts Lost 3 | . . . 3 Power 1 | . . . 1 Propulsion 2 | . . . 2 Utility . | . . . . Weapon . | . . . . Highest Loss Streak 3 | . . . 3 To Critical Strikes . | . . . . Average Backups 7 | 2 7 8 7 Power . | . . . . Propulsion 2 | 1 3 4 2 Utility 2 | . . 2 3 Weapon 1 | . 2 2 1 Tool/Special . | . . . . Unused Backups 12 | . 5 . 7 Power 1 | . 1 . . Propulsion 4 | . 2 . 2 Utility 4 | . . . 4 Weapon 3 | . 2 . 1 Tool/Special . | . . . . Average Slot Usage (%) 99 | . 100 100 99 Engine 10 | . 14 14 9 Core 3 | . . . 4 Treads 16 | . 28 28 10 Leg 6 | . . . 9 Flight 4 | . . . 6 Device 8 | . 14 14 5 Storage 13 | . 14 14 13 Protection 5 | . . . 8 Energy Cannon 1 | . . . 1 Ballistic Gun 16 | . 18 27 14 Ballistic Cannon 8 | . 7 . 9 Impact Weapon 2 | . 2 . 2 Peak Build Rating 24 | 7 11 11 24 Average Rating 13 | 5 10 10 16 On Entrance 7 | . 7 10 11 Avg Prop Armor Cover (%) 31 | 31 . . . Naked Turns 2 | . . . 2 Heaviest Build 26 | 14 16 21 26 Greatest Support 46 | 40 46 46 46 Greatest Overweight (x) 6 | 4 . . 6 Average Overweight (x) . | . . . . Largest Inventory Capacity 8 | 8 8 8 8 Average Capacity 7 | 7 8 8 7 Most Carried 8 | 4 8 8 8 Average Carried 7 | 2 7 7 7 Final Capacity 8 | 8 8 8 5 Final Carried 8 | 4 8 8 5 Class Distribution -------------------- 100% | Mutant Dominant Class ---------------- Mutant | -10/Materials Mutant | -10/Subcaves Mutant | -9/Scraptown Resources | -11 -10 -10 -9 ----------- Run | Yrd Mat Sub Scr Matter Collected 634 | 290 172 26 146 Remotely . | . . . . Salvage Created 298 | 41 212 45 . Parts 30 | 4 23 3 . Haulers Intercepted . | . . . . Recyclers Shooed 1 | 1 . . . Parts Field Recycled . | . . . . Retrieved Matter . | . . . . Parts Self-Destructed . | . . . . Prevented . | . . . . Parts Restored . | . . . . Kills | -11 -10 -10 -9 ------- Run | Yrd Mat Sub Scr Combat Hostiles Destroyed 9 | . 8 1 . Guns 8 | . 7 1 . Cannons 1 | . 1 . . Classes Destroyed 6 | 1 4 1 . Builder 1 | . 1 . . Tunneler 2 | 2 . . . Operator 1 | . 1 . . Swarmer 6 | . 6 . . Grunt 2 | . 2 . . Subdweller 1 | . . 1 . Best Kill Streak 4 | 2 4 1 . Combat Bots Only 3 | . 3 1 . Max Kills in Single Turn 2 | 1 2 1 . Gunslinging . | . . . . Exploded . | . . . . Melee . | . . . . Uniques/NPCs Destroyed . | . . . . Combat | -11 -10 -10 -9 -------- Run | Yrd Mat Sub Scr Hostile Shots Fired 71 | . 21 11 39 Missed 29 | . 4 2 23 Hits 42 | . 17 9 16 Projectile 42 | . 17 9 16 Critical Strikes 4 | . . 1 3 Damage Taken 682 | . 143 249 290 Core 261 | . 19 80 162 Absorbed by Shields . | . . . . Core Remaining (%) 100 | 100 . . . Volleys Fired 29 | 5 16 8 . Largest 2 | 2 2 2 . Hottest 50 | 40 50 40 . Shots Fired 56 | 10 30 16 . Gun 52 | 10 26 16 . Cannon 4 | . 4 . . Launcher . | . . . . Special . | . . . . Kinetic 56 | 10 30 16 . Thermal . | . . . . Explosive . | . . . . Electromagnetic . | . . . . Robot Hit Streak 10 | 3 2 10 . Robot Miss Streak 3 | 2 3 1 . Penetration Max . | . . . . Secondary Targets 2 | . 2 . . Max Gunslinging Chain 1 | . 1 . . Shots Hit Robots 29 | 5 11 13 . Core Hits 17 | 2 11 4 . Critical Kills . | . . . . Critical Parts Destroyed . | . . . . Critical Strikes . | . . . . Melee Attacks 8 | . 2 . 6 Impact 8 | . 2 . 6 Slashing . | . . . . Piercing . | . . . . Sneak Attacks . | . . . . Combat Hostiles . | . . . . Follow-up Attacks . | . . . . Damage Inflicted 362 | 53 167 140 2 Guns 306 | 53 113 140 . Cannons 52 | . 52 . . Explosions . | . . . . Melee . | . . . . Ramming 4 | . 2 . 2 Kinetic 358 | 53 165 140 . Thermal . | . . . . Explosive . | . . . . Electromagnetic . | . . . . Impact . | . . . . Slashing . | . . . . Piercing . | . . . . Highest Corruption . | . . . . Average Corruption . | . . . . Corruption Purged . | . . . . Corruption Blocked . | . . . . Overload Shots . | . . . . Overflow Damage . | . . . . Projectiles . | . . . . Explosions . | . . . . Melee . | . . . . Knockbacks . | . . . . Impact . | . . . . Kinetic . | . . . . Secondary . | . . . . Self-Inflicted Damage 1 | . . . 1 Shots . | . . . . Rammed 2 | . 1 . 1 Targets Rammed 2 | . 1 . 1 Kicked . | . . . . Crushed . | . . . . Highest Temperature 259 | . . 259 . Average Temperature 137 | . . 137 . Received Heat Transfer 363 | . 6 357 . Siege Activations . | . . . . Martial Activations . | . . . . Shielding Activations . | . . . . Robots Disrupted . | . . . . Combat Hostiles . | . . . . Robots Corrupted . | . . . . Combat Hostiles . | . . . . Parts Fried . | . . . . Impact Corruptions . | . . . . Robots Melted . | . . . . Combat Hostiles . | . . . . Parts Melted . | . . . . Heat Transferred . | . . . . Parts Sabotaged . | . . . . Parts Stolen . | . . . . Parts Stripped . | . . . . Power Chain Reactions . | . . . . Alert | -11 -10 -10 -9 ------- Run | Yrd Mat Sub Scr Maximum Alert Level . | . . . . Low Security (%) 100 | 100 100 . . Level 1 . | . . . . Level 2 . | . . . . Level 3 . | . . . . Level 4 . | . . . . Level 5 . | . . . . High Security . | . . . . Max Security . | . . . . Peak Influence 147 | 10 147 . . Initial . | . . . . Average 18 | 1 20 . . Influence Increases 233 | 10 223 . . Destroy 0b10 Robot/C 160 | . 160 . . Destroy 0b10 Robot/NC 20 | 10 10 . . Destroy Leader 30 | . 30 . . Successful Hack 7 | . 7 . . Destroy Structure 1 | . 1 . . Lose Combat Pursuer 15 | . 15 . . Influence Decreases 233 | 10 92 131 . Entered New Map 63 | . . 63 . Time Decay 170 | 10 92 68 . Squads Dispatched 3 | . 3 . . Investigation . | . . . . Extermination . | . . . . Reinforcement 3 | . 3 . . Assault . | . . . . Garrison . | . . . . Intercept . | . . . . Searches Triggered . | . . . . Construction Impeded . | . . . . Haulers Reinforced . | . . . . Active Scanning Responses . | . . . . Cargo Convoy Interrupts . | . . . . Stealth | -11 -10 -10 -9 --------- Run | Yrd Mat Sub Scr Distress Signals 3 | . 3 . . Communications Jammed . | . . . . Distress Signals . | . . . . Times Spotted 23 | . 12 3 8 Peak Tracking Total 12 | . 4 2 12 Tactical Retreats 1 | . 1 . . Traps | -11 -10 -10 -9 ------- Run | Yrd Mat Sub Scr Traps Triggered . | . . . . Indirectly . | . . . . Trap Hack Attempts . | . . . . Triggered . | . . . . Disarmed . | . . . . Reprogrammed . | . . . . Reused . | . . . . Traps Extracted . | . . . . Installed . | . . . . Triggered . | . . . . Machines | -11 -10 -10 -9 ---------- Run | Yrd Mat Sub Scr Machines Disabled . | . . . . Max in Single Turn . | . . . . Machines Repaired . | . . . . Machines Dismantled . | . . . . Machines Sabotaged . | . . . . Overloaded Fab Kills . | . . . . Hacking | -11 -10 -10 -9 --------- Run | Yrd Mat Sub Scr Machines Accessed 6 | . 3 . 3 Terminals 2 | . 2 . . Fabricators . | . . . . Repair Stations 1 | . 1 . . Recycling Units . | . . . . Scanalyzers . | . . . . Garrison Access . | . . . . Total Hacks 33 | . 12 . 21 Successful 26 | . 5 . 21 Failed 7 | . 7 . . Catastrophic 1 | . 1 . . Database Lockouts . | . . . . Manual 6 | . 6 . . Terminals 11 | . 11 . . Fabricators . | . . . . Repair Stations 1 | . 1 . . Recycling Units . | . . . . Scanalyzers . | . . . . Garrison Access . | . . . . Terminal Hacks 24 | . 3 . 21 Record 21 | . . . 21 Robot Analysis 1 | . 1 . . Prototype ID Bank 1 | . 1 . . Locate Traps 1 | . 1 . . Fabricator Hacks . | . . . . Repair Station Hacks . | . . . . Recycling Unit Hacks . | . . . . Scanalyzer . | . . . . Garrison Access Hacks . | . . . . Unauthorized Hacks 2 | . 2 . . Terminals 1 | . 1 . . Botnet 1 | . 1 . . Fabricators . | . . . . Repair Stations 1 | . 1 . . Mechanics 1 | . 1 . . Recycling Units . | . . . . Scanalyzers . | . . . . Garrison Access . | . . . . Data Cores Recovered . | . . . . Used . | . . . . Hacking Detections 3 | . 3 . . Full Trace Events . | . . . . Feedback Events . | . . . . Feedback Blocked . | . . . . Robot Schematics Acquired . | . . . . Robots Built . | . . . . Authchips . | . . . . Time . | . . . . Total Robot Build Rating . | . . . . Part Schematics Acquired . | . . . . Parts Built . | . . . . Authchips . | . . . . Time . | . . . . Total Part Build Rating . | . . . . Part Studies Acquired . | . . . . Parts Repaired . | . . . . Time . | . . . . Parts Recycled . | . . . . Recycled Matter . | . . . . Retrieved Matter . | . . . . Retrieved Components . | . . . . Parts Scanalyzed . | . . . . Part Schematics Acquired . | . . . . Parts Damaged . | . . . . Bothacking | -11 -10 -10 -9 ------------ Run | Yrd Mat Sub Scr Used RIF Installer . | . . . . Robots Hacked . | . . . . Non-combat . | . . . . Combat . | . . . . Robot Hacks Applied . | . . . . Relay Couplers Released . | . . . . Fabnet Peak Effective % . | . . . . Robots Rewired . | . . . . Allies Hacked . | . . . . Hacks Repelled . | . . . . Allies | -11 -10 -10 -9 -------- Run | Yrd Mat Sub Scr Total Allies . | . . . . Largest Group . | . . . . Highest-Rated Group . | . . . . Highest-Rated Ally . | . . . . Total Orders . | . . . . Ally Attacks . | . . . . Total Damage . | . . . . Kills . | . . . . Allies Corrupted . | . . . . Allies Melted . | . . . . Intel | -11 -10 -10 -9 ------- Run | Yrd Mat Sub Scr Active Infowar (turns) 1491 | 3 571 271 646 Structural 873 | . 393 . 480 Seismic 618 | 3 178 271 166 Robot Analysis Total 1 | . 1 . . Derelict Logs Recovered 2 | . . . 2 Drone Launches . | . . . . Drone Recoveries . | . . . . Exploration | -11 -10 -10 -9 ------------- Run | Yrd Mat Sub Scr Turns Passed 2507 | 84 574 271 1578 Spaces Moved 1561 | 40 213 149 1159 Core 29 | 21 . . 8 Treads 750 | 19 213 149 369 Legs 452 | . . . 452 Wheels . | . . . . Hover . | . . . . Flight 330 | . . . 330 Fastest Speed 34 | 50 160 160 34 Average Speed 137 | 139 160 160 130 Slowest Speed 350 | 250 160 160 350 Overloaded Moves . | . . . . Propulsion Burnouts . | . . . . Robots Hopped . | . . . . Potential Cave-ins . | . . . . Cave-ins Triggered . | . . . . Exploration Rate (%) 31 | 3 39 9 74 Regions Visited 3 Branch Regions 2 Pre-discovered Areas 3 | . . . 3 Known Exits Taken . | . . . . Unknown Exits Taken 3 | 1 1 1 . Scrap Searched 5 | . . . 5 Spaces Dug 6 | . 1 . 5 Terrain Destroyed 6 | . 1 . 5 Melee 6 | . 1 . 5 Projectile . | . . . . AOE . | . . . . Terrain Rammed . | . . . . Walls Destroyed . | . . . . Machines Disabled . | . . . . Actions | -11 -10 -10 -9 --------- Run | Yrd Mat Sub Scr Total 1859 | 56 413 168 1222 Wait 170 | 1 156 8 5 Move 1558 | 39 212 148 1159 Hop . | . . . . Pick Up 19 | 4 8 1 6 Fast Attach 20 | 7 1 1 11 Attach 3 | . . . 3 Detach 5 | . . . 5 Swap 11 | . 10 . 1 Drop 34 | . 7 2 25 Fire 29 | 5 16 8 . Melee 8 | . 2 . 6 Ram 1 | . . . 1 Kick . | . . . . Crush 1 | . 1 . . Escape Stasis . | . . . . Rewire . | . . . . Trap . | . . . . Miscellaneous . | . . . . Route ------- -11/Scrapyard -10/Materials (discovered 2 exits: [*Mat] / [*Sub]) -10/Subcaves -9/Scraptown (discovered 1 exit: [*Fac]) History --------- Turn | Location | Event 40 | -11/Scrapyard | Discovered new exit (range 14) 85 | -11/Scrapyard | Entered Materials 86 | -10/Materials | Met a group of wandering Federalists 282 | -10/Materials | Discovered new exit (range 11) 319 | -10/Materials | Build established: Mutant 562 | -10/Materials | Discovered new exit (range 9) 659 | -10/Materials | Entered Subcaves 660 | -10/Subcaves | Continued accompanying wandering Federalists (3) 663 | -10/Subcaves | Ambushed by Subdwellers from Twisted Machinery 916 | -10/Subcaves | Wandering Federalist uncovered a shortcut to Scraptown 930 | -10/Subcaves | Entered Scraptown 1209 | -9/Scraptown | Discovered new exit (range 11) 1462 | -9/Scraptown | Scanned Subdweller tech in exchange for log data 1466 | -9/Scraptown | Learned Research terminal intel 1467 | -9/Scraptown | Learned 12 Research zone layouts 1508 | -9/Scraptown | Visited Junk Repository 1598 | -9/Scraptown | Visited Fellowship of the Rings 1622 | -9/Scraptown | Visited Spacefarers 1634 | -9/Scraptown | Visited The Evicted 1683 | -9/Scraptown | Visited Symbiants 1739 | -9/Scraptown | Visited Science Testing Area 1748 | -9/Scraptown | Visited Shadow of the Wyrm 1770 | -9/Scraptown | Visited UFD Registry 1770 | -9/Scraptown | Registered with UFD as "Flashplate" 1817 | -9/Scraptown | Visited Cartography Club 1973 | -9/Scraptown | Learned location of Mines (-9) 1973 | -9/Scraptown | Learned location of Proximity Caves (-3) 1973 | -9/Scraptown | Learned location of Quarantine (-2) 1973 | -9/Scraptown | Learned 12 Materials zone layouts 1973 | -9/Scraptown | Learned 8 Factory zone layouts 1973 | -9/Scraptown | Learned 20 Factory zone layouts 1973 | -9/Scraptown | Learned 4 Access zone layouts 1973 | -9/Scraptown | Learned 4 Mines zone layouts 1973 | -9/Scraptown | Learned 8 Upper Caves zone layouts 1973 | -9/Scraptown | Learned 16 Upper Caves zone layouts 1973 | -9/Scraptown | Learned 20 Proximity Caves zone layouts 1973 | -9/Scraptown | Learned location of 2 exits from Factory 1973 | -9/Scraptown | Learned location of 1 exit from Research 1973 | -9/Scraptown | Learned location of 3 exits from Upper Caves 2025 | -9/Scraptown | Found Deep Structural Scanner 2072 | -9/Scraptown | Visited DA-N13 Charitable Foundation 2087 | -9/Scraptown | Found DCF Scrap (31 items) 2197 | -9/Scraptown | Visited A0-MCA Data Center 2204 | -9/Scraptown | Given a B- rating by A0-MCA 2208 | -9/Scraptown | Found A0-MCA's Component Scanner 2224 | -9/Scraptown | Visited Junk Cannon Lab 2231 | -9/Scraptown | Found Prototype Special Weapon 2231 | -9/Scraptown | Identified Junk Cannon 2277 | -9/Scraptown | Visited Scrapoid Pod Storage 2302 | -9/Scraptown | Visited Abandonware Association 2315 | -9/Scraptown | Learned abandonware demo "OVRCLOCK.EXE" 2318 | -9/Scraptown | Learned abandonware demo "SHUTEYE.EXE" 2433 | -9/Scraptown | Attacked by Scraptown defenders 2504 | -9/Scraptown | Core integrity fell below 50% 2507 | -9/Scraptown | Core integrity fell below 20% 2508 | -9/Scraptown | Destroyed by L0-XTZ(E) with Overtuned Barrage Gun Last Messages --------------- 02492_ Dropped Lgt. Nuclear Core. 02493_ Dropped Lgt. Cannon. 02493_ Dropped Sml. Storage Unit. 02495_ Machine disabled. 02497_ GS-PS2(x) destroyed. 02497_ Slug penetrates M1-UTX(E). 02497_ Machine disabled. 02499_ Cesium-ion Thruster destroyed. 02499_ Penetrated by Slug. 02500_ JZ-CC1(E): "We are one!" 02500_ Dropped Missile Launcher. 02501_ Dropped Battle Rifle. 02501_ Machine disabled. 02504_ JZ-CC1(E) suffers critical hit (Destroy). 02505_ Flight Unit destroyed. 02505_ Penetrated by Slug. 02505_ Machine disabled. 02505_ Lgt. Ion Engine destroyed. 02506_ Dropped Flail. 02507_ Slammed into 4L-CCK(E). Map ----- +----------------------------------------------------+ | ?????????????????????????????????????????????????? | | ?????????????????????????????????????????????????? | | ?????????????????????????????????????????????????? | | ?????????????????????????????????????????????????? | | ?????????????????????????????????????????????????? | | ?????????????????????????????????????????????????? | | ?????????????????????????????????????????????????? | | ##???????????????????????????????????????????????? | | ##??????????????????????? ???????????? | | ##?????????????????????? ##########???????????? | | ##??????????????????????# ###########???????????? | | ##???????????????????#### ###########???????????? | | ##???????????????????#### #""""""# ???????????? | | #################????#### #""""""# ???????????? | | #################????#### #"" "# ???????????? | | ############### #????#### #"" "# ???????????? | | ?############## ???? ### #"" "# ####??????? | | ##### =##==*## ? ### #"" "# ####??????? | | ##### /|##/=!## ## #" "# ####??????? | | ##### !=!|/%*## ## #""" |"###"#####??????? | | ##### [!!|||[# ### # ####??????? | | ##### **===[!# ## # #######???? | | ##### =!= *!*#"""""""""## # #######???? | | #######=########### ##### ## #################??? | | ####### ########### #####EE## #################??? | | """"""" """"""""""" """" @E " ## """""""""####??? | | E ## ""!""""""####??? | | ## """""""""####??? | | "## """"####??? | | ## """"####??? | | " """"####??? | | """"""""""""""""""""""""" "## """""""""####??? | | """"""""""""""""""""""""" "## """""""""####??? | | ##### ################"" ##""""""""""####??? | | ###########"" []"################??? | | X"##########"" "##"""""#""""####??? | | "" "" ###########""E ## "#" ""###???? | | "" "" X"##########"" E ## "#" ""###???? | | " ? ######### #"" ## "#" ???????? | | "" ?? E !"#" ???????? | | "" ??? %/ "## "#" ???????? | | " ????######### #"" ## "#" "###???? | | ""????????"##########"" ##"""" #" "###???? | | ? "????????###########"" ###############???? | | ????????????"##########"" ###############???? | | ?????????????????######"" "## "####???? | | ?????????????????######"" ## ""####???? | | "????????????????"""""""" "## """" "####???? | | "??????????????"""""""""" "### "####???? | | ?????????? "## "#X ""####???? | +----------------------------------------------------+ Best States ------------- Heat Dissipation 25 Energy Generation 14 Energy Capacity 250 Matter Stores 300 Matter Capacity 300 Sight Range 16 Terrain Scan Density 10 Armor Coverage 150 Evasion (%) 55 Recoil Reduction 2 Item Schematics ----------------- None Robot Schematics ------------------ None Fabricated ------------ Nothing Repaired ---------- Nothing Studied --------- None Alien Tech Used ----------------- None Achievements -------------- Strength In Numbers Challenges ------------ None Game ------ Seed PointArchitectPit Manual? 0 Play Time 00:32:49 Cumulative 87.2 hours Start 2026.04.27 @ 19:18:11 End 2026.04.27 @ 19:50:44 Sessions 1 Manual Loads 0 Difficulty Rogue Special Mode None Game No. 86 Rogue 86 Adventurer 0 Explorer 0 Win Type - Total 4 Types 2/0/1/1/0/0/0/0/0/0 Lore% 60 Gallery% 48 Achievement% 36 Wizard Run 0 Options --------- Layout 0 ASCII 0 Keyboard 1 Movement Numpad Keybinds 0 Fullscreen 2 Font 24/Smallcaps Map View 76x56 Zoom Use 0% Tactical HUD 1 Map Filters NONE Filters NONE Steam 1 RUN: bbf995cd-02a6-4fec-9d37-99b9775b14db